 Dungeon Crawl Stone Soup version 0.30-a0-297-g0ec75d9ef4 (webtiles) character file.

Game seed: 3022450438137079507

3168 Iusername the Grappler (level 9, 0/93 HPs)
             Began as a Troll Berserker on Oct 18, 2022.
             Was an Elder of Trog.
             Slain by a killer bee (7 damage)
             ... on level 8 of the Dungeon.
             The game lasted 00:07:29 (5759 turns).

Iusername the Grappler (Troll Berserker)            Turns: 5759, Time: 00:07:30

Health: 0/93       AC:  6    Str: 31    XL:     9   Next: 63%
Magic:  8/8        EV: 11    Int:  9    God:    Trog [****..]
Gold:   300        SH:  0    Dex:  9    Spells: 8/8 levels left

rFire   . . .      SeeInvis .      - Unarmed
rCold   . . .      Faith    .    (no shield)
rNeg    . . .      Spirit   .    a - +2 animal skin
rPois   .          Reflect  .    (helmet restricted)
rElec   .          Harm     .    (no cloak)
rCorr   .          Rampage  .    (gloves unavailable)
Will    .....                    (boots unavailable)
Stlth   +.........               (no amulet)
HPRegen 1.15/turn                c - +6 ring of intelligence
MPRegen 0.11/turn                (no ring)

@: mighty, lethally poisoned (0 -> -6)
A: large, unfitting armour, claws 3, regeneration 1, shaggy fur 1, tough skin 1
a: Renounce Religion, Berserk, Trog's Hand, Brothers in Arms


You were on level 8 of the Dungeon.
You worshipped Trog.
Trog was greatly pleased with you.
You visited 1 branch of the dungeon, and saw 8 of its levels.

You collected 300 gold pieces.

Inventory:

Armour
 a - a +2 animal skin (worn)
Jewellery
 c - a +6 ring of intelligence (left claw)
 m - an amulet of faith
 x - a ring of magical power
Wands
 t - a wand of roots (12)
 u - a wand of paralysis (8)
Scrolls
 e - 2 scrolls of enchant armour
 h - 2 scrolls of butterflies
 p - a scroll of enchant weapon
 q - 2 scrolls of fear
 r - 3 scrolls of teleportation
 s - a scroll of acquirement {unknown}
 v - a scroll of magic mapping {unknown}
 w - a scroll of identify
 y - a scroll of summoning {unknown}
Potions
 b - 2 potions of lignification {unknown}
 d - a potion of invisibility {unknown}
 f - 2 potions of attraction {unknown}
 g - a potion of experience {unknown}
 i - 3 potions of brilliance
 j - 5 potions of flight
 k - a potion of might
 l - a potion of mutation {unknown}
 n - a potion of heal wounds {unknown}
 o - 4 potions of curing
 z - a potion of ambrosia {unknown}


   Skills:
 + Level 7.0 Fighting
 + Level 7.0 Dodging
 + Level 8.5 Unarmed Combat


You had 8 spell levels left.
You didn't know any spells.
Your spell library was empty.

Dungeon Overview and Level Annotations

Branches:
Dungeon (8/15)             Temple (0/1) D:4
   Lair: D:8-11

Altars:
Elyvilon
Hepliaklqana
Nemelex Xobeh
Okawaru
Trog
Uskayaw
Vehumet
Yredelemnul

Shops:
D:2 (   D:8 =


Innate Abilities, Weirdness & Mutations

You are too large for most types of armour.
You have claws for hands.
Your natural rate of healing is unusually fast.
You are covered in fur. (AC +1)
You have tough skin. (AC +1)


Message History

Unknown command.
You are too injured to fight recklessly!
Unknown command.
You are too injured to fight recklessly!
You feel better.
The killer bee stings you but does no damage.
The killer bee barely misses you. x2; The killer bee stings you.
The killer bee closely misses you. The killer bee misses you.
The killer bee closely misses you.
The killer bee stings you but does no damage.
You feel very mighty all of a sudden. The killer bee closely misses you.
The killer bee barely misses you. The killer bee stings you.
The killer bee closely misses you. The killer bee barely misses you.
The killer bee stings you.
The killer bee stings you but does no damage.
The killer bee closely misses you.
You barely miss the killer bee.
The killer bee is almost dead.
The killer bee stings you.
You are poisoned.
The killer bee poisons you!
The killer bee stings you but does no damage.
The killer bee closely misses you. x2; The killer bee barely misses you.
The killer bee stings you!
* * * LOW HITPOINT WARNING * * *
The killer bee stings you.
* * * LOW HITPOINT WARNING * * *
The killer bee stings you but does no damage.
You mangle the killer bee!!
You kill the killer bee!
Trog accepts your kill.
You feel sick. The killer bee stings you.
* * * LOW HITPOINT WARNING * * *
The killer bee completely misses you. The killer bee stings you!
* * * LOW HITPOINT WARNING * * *
You are more poisoned.
The killer bee poisons you!
The killer bee stings you but does no damage.
The killer bee stings you!
You die...

.....#########......######
###### ######......#
##.....### #........
#.....##. ###.....#
###.......#
#######.........#
......y@..#.....# ####
#####.yy###.....# ....
#..### #....... ...# #..#
......### ##.. #.#
.####... ... . ... #.. ..


You could see 3 killer bees.

Vanquished Creatures
  Pikel (D:4)
  Maggie (D:6)
  Sigmund (D:2)
  A sky beast (D:8)
  An orc warrior (D:7)
  An ice beast (D:8)
  A black bear (D:4)
  4 ogres
  A centaur (D:4)
  A phantom (D:6)
  A bullfrog (D:6)
  A necrophage (D:4)
  2 scorpions
  4 wights (D:6)
  5 killer bees
  An orc priest (D:4)
  5 hounds
  5 jellies
  5 iguanas
  3 orc wizards
  A gnoll (D:1)
  9 adders
  A white imp (D:6)
  3 ufetubi
  2 worms (D:2)
  2 dart slugs
  15 orcs
  12 ball pythons
  4 bats
  10 endoplasms
  3 giant cockroaches
  16 goblins
  16 hobgoblins
  4 jackals (D:5)
  8 kobolds
  3 quokkas
  5 frilled lizards
  4 rats
163 creatures vanquished.

Vanquished Creatures (others)
  3 plants (D:6)
3 creatures vanquished.

Grand Total: 166 creatures vanquished

Notes
Turn   | Place    | Note
-------+----------+-------------------------------------------
     0 | D:1      | Iusername the Troll Berserker began the quest for the Orb.
     0 | D:1      | Reached XP level 1. HP: 22/22 MP: 0/0
   150 | D:1      | Reached XP level 2. HP: 28/29 MP: 1/1
   375 | D:1      | Reached XP level 3. HP: 36/36 MP: 2/2
   628 | D:1      | Reached ** piety under Trog
   723 | D:2      | Noticed Sigmund
   729 | D:2      | Killed Sigmund
   730 | D:2      | Reached skill level 4 in Unarmed Combat
   730 | D:2      | Reached XP level 4. HP: 42/46 MP: 3/3
   730 | D:2      | Reached XP level 5. HP: 49/53 MP: 4/4
   971 | D:2      | Reached XP level 6. HP: 62/62 MP: 5/5
  1211 | D:2      | Found Juamen's Weapon Shop.
  1484 | D:3      | Found a basalt altar of Yredelemnul.
  1602 | D:3      | Found a faded altar of an unknown god.
  1737 | D:3      | Found a radiant altar of Vehumet.
  1910 | D:4      | Reached *** piety under Trog
  1946 | D:4      | Reached skill level 5 in Unarmed Combat
  2036 | D:4      | Reached XP level 7. HP: 43/70 MP: 6/6
  2695 | D:4      | Noticed Pikel
  2706 | D:4      | Killed Pikel
  2707 | D:4      | Reached skill level 5 in Fighting
  2707 | D:4      | Reached skill level 5 in Dodging
  2707 | D:4      | Reached skill level 6 in Unarmed Combat
  2707 | D:4      | Reached XP level 8. HP: 36/80 MP: 7/7
  2925 | D:4      | Found a staircase to the Ecumenical Temple.
  3006 | D:5      | Entered Level 5 of the Dungeon
  3138 | D:5      | Found a sparkling altar of Nemelex Xobeh.
  3275 | D:5      | Found a bloodstained altar of Trog.
  3438 | D:5      | Reached skill level 7 in Unarmed Combat
  3994 | D:6      | Reached **** piety under Trog
  3999 | D:6      | Reached XP level 9. HP: 89/89 MP: 8/8
  4067 | D:6      | Found an iron altar of Okawaru.
  4071 | D:6      | Found a hazy altar of Hepliaklqana.
  4071 | D:6      | Found a white marble altar of Elyvilon.
  4071 | D:6      | Found a hide-covered altar of Uskayaw.
  4521 | D:6      | Noticed Maggie
  4521 | D:6      | Paralysed by Maggie for 3 turns
  4535 | D:6      | Killed Maggie
  4536 | D:6      | Reached skill level 8 in Unarmed Combat
  5663 | D:8      | Found Quem's Jewellery Shoppe.
  5759 | D:8      | Slain by a killer bee

Illustrated notes

Levels and vault maps discovered:
D:1:      moated_graveyard_arrival, layout_loops_ring
D:2:      wad_river_or_something, layout_basic, serial_shops,
          nicolae_shop_bloodbath_and_beyond, minmay_divided_ellipse,
          uniq_sigmund
D:3:      layout_rooms, nicolae_vehumet_altar_sigil, yredelemnul_altar_generic,
          ebering_ecumenical_altar_petrified
D:4:      layout_rooms, minmay_temple_entry_proselytizer,
          hangedman_abyss_or_decor_stabs, uniq_pikel
D:5:      layout_loops_corners, marbit_many_paths,
          mainiacjoe_overflow_boulevard, kennysheep_another_room
D:6:      layout_loops_ring, grunt_temple_overflow_open, minmay_misc_feat_tower,
          hangedman_glass_garden, bh_walls_and_bars, uniq_maggie
D:7:      layout_cave_pools
D:8:      layout_rooms, serial_shops, shop, minmay_misc_feat_x

Skill      XL: |  1  2  3  4  5  6  7  8  9 |
---------------+----------------------------+-----
Dodging        | 3 4 5 6 7 |  7.0
Fighting       | 3 4 5 6 7 |  7.0
Unarmed Combat | 4 5 6 7 8 |  8.5

Action                   |  1- 3 |  4- 6 |  7- 9 || total
-------------------------+-------+-------+-------++-------
Melee: Unarmed           |    68 |   125 |   249 ||   442
       Punch             |     1 |     3 |     6 ||    10
Invok: Berserk           |       |     1 |     1 ||     2
       Trog's Hand       |       |       |     1 ||     1
  Use: Scroll            |       |     6 |     7 ||    13
       Potion            |       |       |     3 ||     3
 Stab: Sleeping          |       |     1 |       ||     1
Armor: Animal skin       |    14 |    34 |    70 ||   118
Dodge: Dodged            |    31 |    66 |   152 ||   249

Table legend: (Time is in decaauts)
 A = Elapsed time spent in this place.
 B = Non-inter-level travel time spent in this place.
 C = Inter-level travel time spent in this place.
 D = Time resting spent in this place.
 E = Time spent auto-exploring this place.
 F = Levels seen in this place.
 G = Mean time per level.
                   A        B        C        D        E       F      G
               +--------+--------+--------+--------+--------+-----+--------+
         Total |   5729 |   5590 |    139 |   1029 |   3607 |   8 |  716.1 |
       Dungeon |   5729 |   5590 |    139 |   1029 |   3607 |   8 |  716.1 |
               +--------+--------+--------+--------+--------+-----+--------+

Top non-repeatable levels by time:
     D:6: 1151 daAuts
     D:4: 1098 daAuts
     D:5: 857 daAuts
     D:2: 788 daAuts
     D:1: 648 daAuts
     D:7: 579 daAuts
     D:3: 458 daAuts
     D:8: 146 daAuts
